 Dungeon Crawl Stone Soup version 0.29-a0-322-g68df515 (webtiles) character file.

Game seed: 2881375492379513901

343 Toastz the Vexing (level 6, 0/37 HPs)
             Began as a Vampire Enchanter on Apr 6, 2022.
             Slain by a gnoll
             ... wielding a +0 club
              (5 damage)
             ... on level 3 of the Dungeon.
             The game lasted 00:13:47 (3989 turns).

Toastz the Vexing (Vampire Enchanter)               Turns: 3989, Time: 00:13:48

Health: 0/37       AC:  5    Str: 10    XL:     6   Next: 31%
Magic:  4/9        EV: 12    Int: 17    God:
Gold:   182        SH:  0    Dex: 17    Spells: 1/9 levels left

rFire   . . .      SeeInvis +   a - +0 dagger (venom)
rCold   + + .      Faith    .   (no shield)
rNeg    + + +      Spirit   .   y - +0 robe
rPois   ∞          Reflect  .   (no helmet)
rElec   .          Harm     .   j - +0 cloak
rCorr   .          Rampage  .   n - +1 pair of gloves
Will    .....                   (no boots)
Stlth   +++++.....              q - amulet "Judis" {Regen+ Str+3}
HPRegen 0.00/turn               (no ring)
MPRegen 0.11/turn               (no ring)

@: bloodless, inhibited regen
A: bloodless, fangs 3, see invisible, vampiric 2
a: Bat Form, Revivify


You were on level 3 of the Dungeon.
You visited 1 branch of the dungeon, and saw 3 of its levels.

You collected 182 gold pieces.

Inventory:

Hand Weapons
 a - a +0 dagger of venom (weapon)
 b - a +1 dagger
Missiles
 d - 333 stones (quivered)
 v - 8 poisoned darts
 z - 2 atropa-tipped darts
Armour
 h - a +0 ring mail
 i - a +0 leather armour
 j - a +0 cloak (worn)
 n - a +1 pair of gloves (worn)
 y - a +0 robe (worn)
Jewellery
 q - the amulet "Judis" (around neck) {Regen+ Str+3}
   (You found it on level 2 of the Dungeon)

   [amulet of regeneration]

   Str:       It affects your strength (+3).
   Regen:     It increases your rate of health regeneration.
Scrolls
 e - a scroll of summoning {unknown}
 k - a scroll of teleportation
 m - a scroll of silence {unknown}
 r - 2 scrolls of identify {unknown}
 u - a scroll of holy word {unknown}
 w - a scroll of enchant weapon {unknown}
Potions
 c - 2 potions of invisibility
 f - a potion of cancellation {unknown}
 g - a potion of attraction {unknown}
 l - a potion of heal wounds {unknown}
 o - a potion of resistance {unknown}
 p - 2 potions of curing {unknown}
 s - a potion of flight {unknown}
 t - a potion of mutation {unknown}
 x - a potion of might {unknown}


   Skills:
 - Level 3.0 Fighting
 + Level 4.4 Short Blades
 - Level 2.1 Dodging
 - Level 4.4 Stealth
 + Level 2.4 Spellcasting
 + Level 5.4 Hexes
 - Level 2.0 Ice Magic


You had one spell level left.
You knew the following spells:

 Your Spells              Type           Power      Damage    Failure   Level
a - Ensorcelled Hibernat  Hex/Ice        28%        N/A       6%          2
b - Confusing Touch       Hex            20%        N/A       6%          3
c - Tukima's Dance        Hex            20%        N/A       6%          3

Your spell library contained the following spells:

 Spells                   Type           Power      Damage    Failure   Level
 Magic Dart               Conj           8%         1d3       19%         1
 Summon Small Mammal      Summ           8%         N/A       19%         1
 Dazzling Flash           Conj/Hex       22%        N/A       19%         3
 Summon Guardian Golem    Hex/Summ       11%        N/A       19%         3
 Searing Ray              Conj           4%         2d4       28%         2
 Call Canine Familiar     Summ           2%         N/A       50%         3
 Gell's Gravitas          Tloc           2%         N/A       50%         3
 Lesser Beckoning         Tloc           2%         N/A       50%         3
 Teleport Other           Tloc           2%         N/A       50%         3
 Fulminant Prism          Conj/Hex       5%         3d7       52%         4


Dungeon Overview and Level Annotations

Branches:
Dungeon (3/15)

Altars:


Innate Abilities, Weirdness & Mutations

You do not regenerate when monsters are visible.
You are frail without blood (-20% HP).
You can heal yourself when you bite living creatures.
You are immune to poison.
You have razor-sharp teeth.
You have supernaturally acute eyesight. (SInv)
You are afflicted with vampirism and can become a bat while bloodless.


Message History

The gnoll hits you with a +0 club.
You hit the gnoll but do no damage.
The gnoll looks as sick as possible!
You bite the gnoll, but do no damage.
The gnoll is heavily wounded.
The gnoll hits you with a +0 club.
You hit the gnoll.
The gnoll looks as sick as possible!
The gnoll is severely wounded.
The gnoll barely misses you.
You hit the gnoll but do no damage.
The gnoll looks as sick as possible!
You bite the gnoll.
You kill the gnoll!
The gnoll closely misses you. The kobold hits you with a +0 club.
Items here: ( )))))) †††.
You closely miss the kobold. The gnoll hits you with a +0 club.
The kobold hits you but does no damage.
You hit the kobold.
The kobold is severely wounded.
The gnoll hits you with a +0 club. The kobold barely misses you.
You hit the kobold but do no damage.
The kobold is poisoned.
The kobold is severely wounded.
You kill the kobold!
The gnoll hits you but does no damage.
You barely miss the gnoll. The gnoll hits you with a +0 club.
You hit the gnoll.
The gnoll is poisoned.
The gnoll is lightly wounded.
You hit the gnoll but do no damage.
The gnoll looks as sick as possible!
The gnoll is lightly wounded.
The gnoll hits you with a +0 club.
* * * LOW HITPOINT WARNING * * *
You hit the gnoll.
The gnoll looks as sick as possible!
The gnoll is moderately wounded.
The gnoll hits you but does no damage.
You barely miss the gnoll.
The gnoll is heavily wounded.
The gnoll hits you with a +0 club.
* * * LOW HITPOINT WARNING * * *
You barely miss the gnoll.
The gnoll is heavily wounded.
The gnoll attacks as you move away! The gnoll hits you with a +0 club.
You die...

≈≈≈≈≈≈≈≈≈≈≈≈≈≈≈≈≈.....≈≈≈≈≈≈≈≈≈≈≈
≈≈≈≈≈≈≈≈≈≈≈≈≈≈≈≈≈)....≈≈≈≈≈≈≈≈≈≈≈
≈≈≈≈≈≈≈≈≈≈≈≈≈)≈≈≈≈....≈≈≈≈≈≈≈≈≈≈)
≈.≈≈≈≈≈≈≈.≈≈≈≈.≈≈≈.)..≈≈≈≈≈..≈..≈
...............).................
...........)..........)....[.....
###..#######.#.#.....#..)....####
#............g)......>........#
###.#...##..##@#######..#####.#
#.#.......##.#######..# #.# #
#.#...###.##.).)).)...# #.# ###
#.##.## #.##########.## #.# ..#
#.##.# #.# #)# #.# #.# #.##.# #.#
#.# #.# #.# #.##.# #.# #.# #.#
..# #.##.# #.# ######.# #.# #.#
#.##.####.#####......# #.#


You could see a gnoll (extremely poisoned).

Vanquished Creatures
  A kobold brigand (D:3)
  A hound (D:3)
  An orc priest (D:3)
  3 adders
  6 gnolls (D:3)
  2 worms
  5 dart slugs
  5 orcs (D:3)
  2 endoplasms
  A giant cockroach (D:1)
  10 goblins
  9 hobgoblins
  7 jackals
  36 kobolds
  5 quokkas
  2 ball pythons (D:1)
  3 bats
  3 frilled lizards
  5 rats
107 creatures vanquished.

Vanquished Creatures (collateral kills)
  An orc (D:3)
1 creature vanquished.

Grand Total: 108 creatures vanquished

Notes
Turn   | Place    | Note
-------+----------+-------------------------------------------
     0 | D:1      | Toastz the Vampire Enchanter began the quest for the Orb.
     0 | D:1      | Reached XP level 1. HP: 13/13 MP: 3/3
   127 | D:1      | Reached skill level 1 in Fighting
   127 | D:1      | Reached XP level 2. HP: 18/21 MP: 5/5
   149 | D:1      | Learned a level 2 spell: Ensorcelled Hibernation
   782 | D:1      | Gained mutation: You are afflicted with vampirism and can
                  | become a bat while bloodless. [Vampire growth]
   782 | D:1      | Reached XP level 3. HP: 26/26 MP: 3/6
   786 | D:1      | Learned a level 3 spell: Confusing Touch
  1323 | D:2      | Reached skill level 1 in Ice Magic
  1558 | D:2      | Noticed a shining eye
  1560 | D:2      | Found a faded altar of an unknown god.
  1563 | D:2      | Noticed a shining eye
  1563 | D:2      | Noticed a golden eye
  1563 | D:2      | Noticed a shining eye
  1621 | D:2      | Identified the amulet "Judis" {Regen+ Str+3}
  2107 | D:3      | Reached XP level 4. HP: 33/33 MP: 2/7
  3230 | D:3      | Reached XP level 5. HP: 14/31 MP: 1/8
  3329 | D:3      | Learned a level 3 spell: Tukima's Dance
  3870 | D:3      | Reached skill level 5 in Hexes
  3872 | D:3      | Reached XP level 6. HP: 37/37 MP: 9/9
  3989 | D:3      | Slain by a gnoll

Illustrated notes

Levels and vault maps discovered:
D:1:      wheals_arrival_linesprint, layout_basic
D:2:      layout_rooms, hellmonk_ecumenical_altar_watching_god,
          serial_bayou_pond_d
D:3:      minmay_goblin_kobold_castle, layout_loops_ring,
          hangedman_decor_points, grunt_ministairs_13

Skill      XL: |  1  2  3  4  5 |
---------------+----------------+-----
Fighting       | 1 2 3 |  3.0
Short Blades   | 2 3 4 |  4.4
Ice Magic      | 1 2 |  2.0
Hexes          | 5 |  5.4
Dodging        | |  2.1
Stealth        | |  4.4
Spellcasting   | |  2.4

Action                   |  1- 3 |  4- 6 || total
-------------------------+-------+-------++-------
Melee: Dagger            |    99 |   149 ||   248
       Bite              |     5 |    13 ||    18
       Punch             |     1 |       ||     1
Throw: Stone             |    15 |     5 ||    20
 Cast: Ensorcelled Hiber |    25 |    47 ||    72
       Tukima's Dance    |       |     1 ||     1
 Abil: Exsanguinate      |       |     1 ||     1
  Use: Scroll            |       |     1 ||     1
 Stab: Sleeping          |    26 |    36 ||    62
Armor: Robe              |    16 |    50 ||    66
Dodge: Dodged            |    66 |    91 ||   157

Table legend: (Time is in decaauts)
 A = Elapsed time spent in this place.
 B = Non-inter-level travel time spent in this place.
 C = Inter-level travel time spent in this place.
 D = Time resting spent in this place.
 E = Time spent auto-exploring this place.
 F = Levels seen in this place.
 G = Mean time per level.
                   A        B        C        D        E       F      G
               +--------+--------+--------+--------+--------+-----+--------+
         Total |   3958 |   3839 |    119 |    161 |   2697 |   3 | 1319.3 |
       Dungeon |   3958 |   3839 |    119 |    161 |   2697 |   3 | 1319.3 |
               +--------+--------+--------+--------+--------+-----+--------+

Top non-repeatable levels by time:
     D:3: 1965 daAuts
     D:1: 1302 daAuts
     D:2: 689 daAuts
